 Dungeon Crawl Stone Soup version 0.30-a0-986-g7f2e898f52 (webtiles) character file.

Game seed: 17742150202674109122

2937 Lobster4 the Shooter (level 10, 0/65 HPs)
             Began as a Human Wanderer on Apr 2, 2023.
             Was a Follower of Hepliaklqana.
             Slain by a killer bee (6 damage)
             ... on level 8 of the Dungeon.
             The game lasted 00:26:03 (10488 turns).

Lobster4 the Shooter (Human Wanderer)              Turns: 10488, Time: 00:26:03

Health: 0/65       AC:  5    Str: 17    XL:     10   Next: 7%
Magic:  10/16      EV: 13    Int: 13    God:    Hepliaklqana [*.....]
Gold:   282        SH:  0    Dex: 18    Spells: 15/17 levels left

rFire   . . .      SeeInvis .    a - +3 sling
rCold   . . .      Faith    .    (no shield)
rNeg    . . .      Spirit   .    h - +0 leather armour
rPois   .          Reflect  .    (no helmet)
rElec   .          Rampage  .    q - +0 cloak
rCorr   .                        (no gloves)
Will    +....                    l - +0 pair of boots
Stlth   ++                       (no amulet)
HPRegen 0.30/turn                j - ring of willpower
MPRegen 0.15/turn                n - +6 ring of strength

@: no status effects
A: reduced essence
a: Renounce Religion, Recall Ancestor, Ancestor Identity


You were on level 8 of the Dungeon.
You worshipped Hepliaklqana.
Hepliaklqana was aware of your devotion.
You visited 2 branches of the dungeon, and saw 9 of its levels.

You collected 477 gold pieces.
You spent 195 gold pieces at shops.

Inventory:

Hand Weapons
 a - a +3 sling (weapon)
 i - a +1 vampiric whip
 v - a +0 shortbow
 x - a +0 broad axe
 z - a +1 falchion of draining
 D - a +3 dagger
Missiles
 k - 8 poisoned darts
 w - 15 boomerangs
Armour
 d - a +0 robe
 h - a +0 leather armour (worn)
 l - a +0 pair of boots (worn)
 q - a +0 cloak (worn)
 F - a +0 ring mail
Magical Staves
 E - the staff of conjuration "Tuseoqar" {Fragile +Blink Str+8 Int-3}
   (You took it off a gnoll on level 6 of the Dungeon)

   [staff of conjuration]

   Base accuracy: +5 Base damage: 5 Base attack delay: 1.2 This weapon's minimum
   attack delay (0.6) is reached at skill level 12.
   Str:       It affects your strength (+8).
   Int:       It affects your intelligence (-3).
   +Blink:    It lets you blink.
   Fragile:   It will be destroyed if unequipped.
   It falls into the 'Staves' category.
   It is a one-handed weapon.
Jewellery
 b - a ring of magical power
 j - a ring of willpower (left hand)
 n - a +6 ring of strength (right hand)
Wands
 A - a wand of polymorph (7)
 B - a wand of flame (4)
Scrolls
 c - 3 scrolls of teleportation
 C - a scroll of immolation
 H - a scroll of blinking
Potions
 f - 2 potions of flight
 g - a potion of magic
 m - a potion of brilliance
 o - a potion of lignification
 p - 5 potions of curing
 s - a potion of ambrosia
 t - a potion of might
 u - a potion of resistance
 G - a potion of invisibility


   Skills:
 + Level 4.4 Fighting
 + Level 0.9 Short Blades
 * Level 7.3 Ranged Weapons
 - Level 2.0 Throwing
 + Level 3.0 Armour
 + Level 2.9 Dodging
 - Level 2.0 Stealth
 + Level 4.3 Spellcasting
 + Level 4.6 Air Magic
 + Level 4.4 Poison Magic
 + Level 3.2 Invocations
 - Level 3.0 Evocations


You had 15 spell levels left.
You knew the following spells:

 Your Spells              Type           Power      Damage    Failure   Level
a - Poisonous Vapours     Pois/Air       28%        N/A       5%          2

Your spell library contained the following spells:

 Spells                   Type           Power      Damage    Failure   Level
 Static Discharge         Conj/Air       16%        2-3/arc   14%         2
 Summon Small Mammal      Summ           8%         N/A       24%         1
 Dazzling Flash           Conj/Hex       4%         N/A       56%         3
 Summon Guardian Golem    Hex/Summ       2%         N/A       56%         3
 Cause Fear               Hex            1%         N/A       93%         4
 Iskenderun's Mystic Bla  Conj/Tloc      2%         2d3       93%         4
 Starburst                Conj/Fire      1%         6d3       100%        6
 Dragon Form              Tmut           1%         N/A       100%        7
 Orb of Destruction       Conj           1%         9d5       100%        7
 Spellforged Servitor     Conj/Summ      1%         N/A       100%        7
 Dragon's Call            Summ           1%         N/A       100%        9


Dungeon Overview and Level Annotations

Branches:
Dungeon (8/15)             Temple (1/1) D:7
   Lair: D:8-11

Altars:
Cheibriados
Dithmenos
Elyvilon
Gozag
Hepliaklqana
Kikubaaqudgha
Makhleb
Nemelex Xobeh
Okawaru
Qazlal
Ru
Sif Muna
Trog
Vehumet
Wu Jian
Xom
Yredelemnul
Zin
The Shining One

Shops:
D:3 ?

Annotations:
D:6 3 runed translucent doors, jimonade's ghost, novice HOSu


Message History

The killer bee barely misses you.
The killer bee stings you but does no damage.
You shoot a sling bullet. The sling bullet misses the killer bee.
The killer bee stings you but does no damage. x4
You feel better. The killer bee stings you.
* * * LOW HITPOINT WARNING * * *
The killer bee stings you but does no damage. x2
The killer bee barely misses you.
Casting: Poisonous Vapours (safe; 4% risk of failure)
Confirm with . or Enter, or press ? or * to list all spells.
Aiming: Poisonous Vapours (safe; 4% risk of failure)
Press: ? - help, Dir - move target, f/p - killer bee
Aim: a killer bee (heavily wounded) Poisonous vapours surround the killer bee!
The killer bee is poisoned.
The killer bee stings you but does no damage. x3
The killer bee completely misses you.
Casting: Poisonous Vapours (safe; 4% risk of failure)
Confirm with . or Enter, or press ? or * to list all spells.
Aiming: Poisonous Vapours (safe; 4% risk of failure)
Press: ? - help, Dir - move target, f/p - killer bee
Aim: a killer bee (severely wounded, poisoned) Poisonous vapours surround the killer bee!
The killer bee looks even sicker.
You feel less wooden.
Your +0 cloak unmelds from your body.
Your +0 pair of boots unmelds from your body.
Your +0 leather armour unmelds from your body.
You kill the killer bee!
The killer bee stings you.
* * * LOW HITPOINT WARNING * * *
The killer bee barely misses you.
Casting: Poisonous Vapours (safe; 5% risk of failure)
Confirm with . or Enter, or press ? or * to list all spells.
Aiming: Poisonous Vapours (safe; 5% risk of failure)
Press: ? - help, Dir - move target, f - killer bee
Aim: a killer bee (moderately wounded) Poisonous vapours surround the killer bee!
The killer bee is poisoned.
The killer bee stings you.
You die...

.. .... .##
....#.. ..#
.......##..#
....##....#
.........###
!.....)...#
#........)##
####.).....# #
#...†@.####
#.#...†)y.#.##
.............#
.............#
.##.........##
#.).#...).##
...)##......###
......†....##.##
........#.(....#


You could see a killer bee (poisoned).

Vanquished Creatures
  A water moccasin (D:7)
  An orc warrior (D:8)
  An ice beast (D:6)
  A black bear (D:5)
  2 sky beasts (D:6)
  3 centaurs
  2 ogres
  A phantom (D:6)
  A kobold brigand (D:8)
  A necrophage (D:4)
  2 bullfrogs
  4 scorpions
  4 killer bees (D:8)
  4 jellies
  2 hounds
  5 orc priests
  Jessica (D:2)
  2 sleepcaps
  Ijyb (D:3)
  A scorpion zombie (D:3)
  2 iguanas (D:6)
  11 orc wizards
  A hound skeleton (D:4)
  7 gnolls
  10 adders
  2 shadow imps
  An ufetubus (D:5)
  3 worms
  2 dart slugs
  20 orcs
  4 ball pythons
  10 endoplasms
  4 giant cockroaches
  8 goblins
  4 hobgoblins
  8 kobolds
  A quokka (D:1)
  A ball python zombie (D:3)
  5 bats
  7 frilled lizards
  9 rats
160 creatures vanquished.

Vanquished Creatures (collateral kills)
  A water moccasin (D:8)
  A killer bee (D:8)
  A white imp (D:8)
  A kobold (D:8)
4 creatures vanquished.

Vanquished Creatures (others)
  An ancestor (D:8)
  A plant (D:7)
2 creatures vanquished.

Grand Total: 166 creatures vanquished

Notes
Turn   | Place    | Note
-------+----------+-------------------------------------------
     0 | D:1      | Lobster4 the Human Wanderer began the quest for the Orb.
     0 | D:1      | Lobster4 set off with the following items: a +2 sling, a
                  | wand of flame (4), a scroll of teleportation, a +0 robe;
                  | and the following spells available to memorise: Poisonous
                  | Vapours, Static Discharge.
     0 | D:1      | Reached XP level 1. HP: 13/13 MP: 2/2
    67 | D:1      | Reached XP level 2. HP: 19/19 MP: 3/3
   246 | D:1      | Found a faded altar of an unknown god.
   259 | D:1      | Learned a level 2 spell: Poisonous Vapours
   456 | D:1      | Reached XP level 3. HP: 24/25 MP: 4/4
   924 | D:2      | Noticed Jessica
  1182 | D:2      | Reached skill level 1 in Fighting
  1182 | D:2      | Reached skill level 1 in Poison Magic
  1182 | D:2      | Reached XP level 4. HP: 23/32 MP: 6/6
  1963 | D:3      | Noticed Ijyb
  2030 | D:3      | Found Monuut's Magic Scroll Shop.
  2040 | D:3      | Bought a scroll of noise for 13 gold pieces
  2044 | D:3      | Bought a scroll of poison for 52 gold pieces
  2145 | D:3      | Found a shimmering altar of Xom.
  2205 | D:3      | Reached XP level 5. HP: 10/37 MP: 7/7
  2403 | D:3      | Found a basalt altar of Yredelemnul.
  2544 | D:3      | Found a glowing golden altar of the Shining One.
  2671 | D:3      | Found a radiant altar of Vehumet.
  2743 | D:3      | Found an ancient bone altar of Kikubaaqudgha.
  2754 | D:3      | Reached skill level 4 in Ranged Weapons
  2931 | D:3      | Reached XP level 6. HP: 44/44 MP: 9/9
  3063 | D:3      | Found a shimmering blue altar of Sif Muna.
  3309 | D:4      | Noticed an ogre
  3603 | D:4      | Found a burning altar of Makhleb.
  3631 | D:4      | Reached XP level 7. HP: 22/50 MP: 10/10
  3773 | D:4      | Found a hazy altar of Hepliaklqana.
  4613 | D:5      | Entered Level 5 of the Dungeon
  4699 | D:5      | Reached skill level 5 in Ranged Weapons
  5512 | D:5      | Reached XP level 8. HP: 58/58 MP: 5/12
  5695 | D:4      | Became a worshipper of Hepliaklqana the Forgotten
  5959 | D:6      | Found a bloodstained altar of Trog.
  5972 | D:6      | Identified the staff of conjuration "Tuseoqar" {Fragile
                  | +Blink Str+8 Int-3}
  6359 | D:6      | Reached skill level 1 in Invocations
  6366 | D:6      | Reached skill level 1 in Armour
  6393 | D:6      | Reached skill level 6 in Ranged Weapons
  6393 | D:6      | Reached skill level 1 in Dodging
  6734 | D:6      | Found a glowing silver altar of Zin.
  6870 | D:3      | Bought 3 scrolls of identify for 78 gold pieces
  6870 | D:3      | Bought a scroll of immolation for 52 gold pieces
  7080 | D:3      | Reached XP level 9. HP: 22/64 MP: 14/14
  7265 | D:3      | Got Sif Muna's Incunable of Summoning
  7508 | D:2      | Killed Jessica
  7593 | D:3      | Found a glowing golden altar of the Shining One.
  7652 | D:3      | Found Monuut's Magic Scroll Shop.
  7721 | D:3      | Found an ancient bone altar of Kikubaaqudgha.
  7722 | D:3      | Found a radiant altar of Vehumet.
  7736 | D:3      | Found a shimmering blue altar of Sif Muna.
  7763 | D:3      | Found a shimmering altar of Xom.
  7805 | D:3      | Found a basalt altar of Yredelemnul.
  7921 | D:3      | Killed Ijyb
  8178 | D:6      | Found a runed translucent gate.
  8178 | D:6      | Found a runed translucent gate.
  8178 | D:6      | Found a runed translucent gate.
  8180 | D:6      | Noticed jimonade's ghost (novice HOSu)
  9276 | D:7      | Found a staircase to the Ecumenical Temple.
  9282 | Temple   | Entered the Ecumenical Temple
 10199 | D:7      | Reached * piety under Hepliaklqana
 10328 | D:8      | Reached skill level 7 in Ranged Weapons
 10443 | D:8      | Reached XP level 10. HP: 28/64 MP: 16/16
 10488 | D:8      | Slain by a killer bee

Illustrated notes

Levels and vault maps discovered:
D:1:      tarquinn_simple_flora_water_f, layout_basic,
          ebering_ecumenical_altar_box
D:2:      layout_loops_ring, uniq_jessica
D:3:      layout_rooms, palyth_temple_overflow_mages,
          mainiacjoe_overflow_boulevard, lemuel_zombie_altar_yredelemnul,
          mainiacjoe_overflow_alcove_2, serial_shops, shop, glass_columns_c,
          uniq_ijyb
D:4:      layout_loops_ring, makhleb_blood_cavern_becter,
          worldfamousw_hep_ancestral_shrine
D:5:      layout_cave_pools, kennysheep_potato
D:6:      layout_basic, trog_three_pillars_becter,
          mainiacjoe_overflow_surrounded_room, gammafunk_ghost_split,
          kennysheep_nub
D:7:      layout_layer_cave, minmay_temple_entry_enclosed_plants,
          serial_bayou_pond_a
D:8:      layout_cave_pools, chequers_temple_overflow_statue_of_worship,
          uniq_maurice, uniq_joseph, uniq_psyche
Temple:   kb_temple_of_zot

Skill      XL: |  1  2  3  4  5  6  7  8  9 10 |
---------------+-------------------------------+-----
Fighting       | 1 2 3 4 |  4.4
Poison Magic   | 1 2 3 4 |  4.4
Spellcasting   | 2 3 4 |  4.3
Air Magic      | 2 3 4 |  4.6
Ranged Weapons | 4 5 6 7 |  7.3
Evocations     | 3 |  3.0
Invocations    | 1 3 |  3.2
Armour         | 1 2 3 |  3.0
Dodging        | 1 2 |  2.9
Throwing       | 2 |  2.0
Short Blades   | |  0.9
Stealth        | |  2.0

Action                     |  1- 3 |  4- 6 |  7- 9 | 10-12 || total
---------------------------+-------+-------+-------+-------++-------
   Fire: Sling             |    89 |   144 |   394 |    39 ||   666
   Cast: Poisonous Vapours |       |     4 |    60 |     3 ||    67
  Evoke: Wand              |     3 |     1 |     7 |       ||    11
    Use: Scroll            |     2 |     8 |    12 |       ||    22
         Potion            |     1 |       |     4 |     4 ||     9
 Armour: Robe              |     7 |    12 |    46 |       ||    65
         Leather armour    |       |       |    45 |       ||    45
         Skin              |       |       |       |   132 ||   132
  Dodge: Dodged            |    23 |    53 |   146 |    22 ||   244

Table legend: (Time is in decaauts)
 A = Elapsed time spent in this place.
 B = Non-inter-level travel time spent in this place.
 C = Inter-level travel time spent in this place.
 D = Time resting spent in this place.
 E = Time spent auto-exploring this place.
 F = Levels seen in this place.
 G = Mean time per level.
                   A        B        C        D        E       F      G
               +--------+--------+--------+--------+--------+-----+--------+
         Total |  10590 |   9936 |    654 |   1342 |   6949 |   9 | 1176.7 |
       Dungeon |  10383 |   9737 |    646 |   1342 |   6757 |   8 | 1297.9 |
        Temple |    206 |    198 |      8 |      0 |    192 |   1 |  206.0 |
               +--------+--------+--------+--------+--------+-----+--------+

Top non-repeatable levels by time:
     D:3: 2229 daAuts
     D:4: 1663 daAuts
     D:6: 1512 daAuts
     D:5: 1449 daAuts
     D:7: 1252 daAuts
     D:2: 1188 daAuts
     D:1: 909 daAuts
  Temple: 206 daAuts
     D:8: 177 daAuts
